 Dungeon Crawl Stone Soup version 0.18-a0-5-gf1fb587 (webtiles) character file.

458 youngkai the Chopper (level 6, -2/85 HPs)
             Began as a Minotaur Berserker on Nov 1, 2015.
             Was a Priest of Trog.
             Slain by an ogre
             ... wielding a +0 giant spiked club
              (17 damage)
             ... on level 4 of the Dungeon.
             The game lasted 00:07:35 (2259 turns).

youngkai the Chopper (Minotaur Berserker)           Turns: 2259, Time: 00:07:35

Health: -2/85      AC: 10    Str: 28    XL:     6   Next: 77%
Magic:  5/5        EV:  9    Int:  4    God:    Trog [***...]
Gold:   100        SH:  0    Dex: 10    Spells: 0 memorised, 5 levels left

rFire  + . .     SeeInvis .     a - +0 hand axe
rCold  x . .     Clarity  +     o - +0 chain mail
rNeg   . . .     SustAt   .     (no shield)
rPois  .         Gourm    .     (helmet restricted)
rElec  .         Spirit   .     v - +0 cloak
rCorr  .         Warding  .     (no gloves)
rMut   .         Stasis   .     (no boots)
MR     +....                    j - amulet of clarity
Stlth  ..........               y - ring of protection from magic
                                w - ring of fire

@: berserking, very quick, somewhat resistant to hostile enchantments, extremely
unstealthy
A: retaliatory headbutt, horns 2
a: Berserk, Trog's Hand, Burn Spellbooks, Renounce Religion


You were on level 4 of the Dungeon.
You worshipped Trog.
Trog was most pleased with you.
You were not hungry.

You visited 1 branch of the dungeon, and saw 4 of its levels.

You collected 100 gold pieces.

Inventory:

Hand Weapons
 a - a +0 hand axe (weapon)
 x - the cursed +3 trident "Ikkowel" {pierce, rF+ Dex+4, unknown}
   (You found it on level 4 of the Dungeon)

   It inflicts extra damage upon your enemies.
   It affects your dexterity (+4).
   It protects you from fire.
   It has a curse placed upon it.
Missiles
 r - a throwing net (quivered)
Armour
 b - a +0 animal skin
 k - a +0 ring mail
 o - a +0 chain mail (worn)
 v - a +0 cloak (worn)
Jewellery
 j - an amulet of clarity (around neck)
 w - a ring of fire (left hand)
 y - a ring of protection from magic (right hand)
Scrolls
 d - 4 scrolls of remove curse {unknown}
 e - a scroll of enchant weapon {unknown}
 f - 4 scrolls of amnesia {unknown}
 g - a scroll of fog {unknown}
 m - a scroll of enchant armour {unknown}
 q - 3 scrolls of teleportation {unknown}
 s - 2 scrolls of identify {unknown}
 B - a scroll of magic mapping {unknown}
Potions
 i - 3 potions of heal wounds {unknown}
 n - a potion of degeneration {unknown}
 p - 4 potions of curing
 t - a potion of berserk rage {unknown}
 A - a potion of invisibility {unknown}
Comestibles
 c - 4 bread rations
 h - a meat ration
 l - 4 fruits
 u - a royal jelly
 z - 3 chunks of flesh


   Skills:
 + Level 5.8 Fighting
 * Level 6.9 Axes
 + Level 4.8 Armour
 - Level 2.1 Dodging


You had 5 spell levels left.
You didn't know any spells.

Dungeon Overview and Level Annotations

Branches:
Dungeon (4/15)
 Temple: D:4-7

Altars:
Gozag
Kikubaaqudgha
Okawaru
Qazlal
Yredelemnul
Zin


Innate Abilities, Weirdness & Mutations

You reflexively headbutt those who attack you in melee.
You have a pair of horns on your head.


Message History

You feel yourself moving faster!
You feel mighty!
You feel somewhat more hungry. The worker ant bites you.
You hit the worker ant.
The worker ant is moderately wounded.
The worker ant bites you but does no damage.
You slash the worker ant! You headbutt the worker ant.
You kill the worker ant!
Trog accepts your kill.
You hit the ogre.
The ogre is lightly wounded.
The ogre hits you with a giant spiked club!
* * * LOW HITPOINT WARNING * * *
You slash the ogre!
The ogre is heavily wounded.
You slash the ogre!
The ogre is almost dead.
You hit the ogre.
The ogre is almost dead.
The ogre hits you with a giant spiked club!
You die...

#....##... .## ..
.........# ##..###.#
.........# #........
.....†.#.# #........ #.
#.#.# #........ ...
##.#.########........
.#.##..........##........
....>..........##†.......
[.........>.....@O.......
#####....(..........!.###
#..............#.....
#...........#####.>.#
.####.......###.# ....
........##..# #.. ..##.
#####.......# ##.# ....
##. #####.###..... .. #.
#. #...#
......................##
#. #.#.#


You could see an ogre.

Vanquished Creatures
  Sigmund (D:4)
  A scorpion (D:4)
  A hound (D:4)
  Natasha (thrice) (D:3)
  A worker ant (D:4)
  Robin (D:4)
  A worker ant zombie (D:3)
  7 adders
  A worm (D:2)
  A giant gecko (D:3)
  4 orcs (D:3)
  A ball python (D:1)
  10 bats
  5 giant cockroaches
  10 hobgoblins
  2 jackals (D:2)
  10 kobolds
  2 giant newts
  15 goblins
  5 rats
82 creatures vanquished.

Notes
Turn   | Place    | Note
--------------------------------------------------------------
     0 | D:1      | youngkai the Minotaur Berserker began the quest for the Orb.
     0 | D:1      | Reached XP level 1. HP: 19/19 MP: 0/0
   186 | D:1      | Reached skill level 4 in Axes
   275 | D:1      | Reached XP level 2. HP: 27/27 MP: 1/1
  1009 | D:2      | Reached XP level 3. HP: 33/33 MP: 2/2
  1066 | D:2      | Reached ** piety under Trog
  1293 | D:2      | Reached XP level 4. HP: 31/41 MP: 3/3
  1517 | D:3      | Noticed Natasha
  1522 | D:3      | Killed Natasha
  1566 | D:3      | Reached skill level 5 in Axes
  1599 | D:3      | Noticed Natasha
  1610 | D:3      | Killed Natasha
  1750 | D:3      | Noticed Natasha
  1753 | D:3      | Killed Natasha
  1753 | D:3      | Reached XP level 5. HP: 47/47 MP: 4/4
  1914 | D:3      | Found an ancient bone altar of Kikubaaqudgha.
  1914 | D:3      | Found a glowing silver altar of Zin.
  1914 | D:3      | Found a basalt altar of Yredelemnul.
  1914 | D:3      | Found an iron altar of Okawaru.
  1931 | D:3      | Found an opulent altar of Gozag.
  1931 | D:3      | Found a stormy altar of Qazlal.
  1997 | D:3      | Reached skill level 5 in Fighting
  2106 | D:4      | Noticed Robin
  2107 | D:4      | Got a crystal trident
  2110 | D:4      | Reached *** piety under Trog
  2118 | D:4      | Killed Robin
  2132 | D:4      | Reached skill level 6 in Axes
  2184 | D:4      | Noticed Sigmund
  2199 | D:4      | Reached XP level 6. HP: 35/56 MP: 5/5
  2202 | D:4      | Killed Sigmund
  2250 | D:4      | Noticed an ogre
  2259 | D:4      | Slain by an ogre

Vault maps used:
D:1:      lemuel_arrival_lava_pool, hangedman_decor_push, st_stairs_10
D:2:      first_bread, lexackson_kobold_supper
D:3:      minmay_overflow_temple_hex, minmay_misc_feat_nine_boxes,
          kennysheep_crisscross, uniq_natasha
D:4:      okawaru_gym_becter, uniq_sigmund, uniq_robin

Action                   |  1- 3 |  4- 6 || total
-------------------------+-------+-------++-------
Melee: Hand axe          |    77 |    92 ||   169
Invok: Trog's Hand       |       |     1 ||     1
       Berserk           |       |     1 ||     1
  Use: Potion            |     1 |       ||     1
  Eat: Chunk             |     1 |     4 ||     5
